 Dungeon Crawl Stone Soup version 0.29-a0-103-g37f86683bf (webtiles) character file.

Game seed: 2125162310899018671

1618 kae the Insei (level 8, 0/79 HPs)
             Began as a Black Draconian Transmuter on Feb 15, 2022.
             Was a Follower of Ru.
             Slain by a yak (11 damage)
             ... on level 5 of the Dungeon.
             The game lasted 00:03:26 (5166 turns).

kae the Insei (Black Draconian Transmuter)          Turns: 5166, Time: 00:03:27

Health: 0/79       AC:  6    Str: 12    XL:     8   Next: 64%
Magic:  0/13       EV: 11    Int: 15    God:    Ru [*.....]
Gold:   1406       SH:  0    Dex: 13    Spells: 6/14 levels left

rFire   x . .      SeeInvis .     - Unarmed
rCold   + + +      Faith    .   (shield currently unavailable)
rNeg    . . .      Spirit   +   (armour unavailable)
rPois   +          Reflect  .   (helmet currently unavailable)
rElec   .          Harm     .   (cloak currently unavailable)
rCorr   .          Rampage  .   (gloves currently unavailable)
Will    .....                   (boots currently unavailable)
Stlth   +.........              a - amulet of guardian spirit
HPRegen 0.23/turn               (no ring)
MPRegen 0.13/turn               (no ring)

@: ice-form, unable to drink
A: freezing attack, amphibious, boosted hp, (breathe lightning), AC +6, large,
unfitting armour, (electricity resistance), (cold-blooded), inability to drink
while threatened
a: End Transformation, Renounce Religion


You were on level 5 of the Dungeon.
You worshipped Ru.
Ru was aware of your devotion.
You were a creature of crystalline ice.
You visited 1 branch of the dungeon, and saw 5 of its levels.

You collected 1406 gold pieces.

Inventory:

Armour
 e - a +0 cloak (melded)
 i - a +2 hat (melded)
Jewellery
 a - an amulet of guardian spirit (around neck)
 p - a ring of ice
Wands
 c - a wand of mindburst (6)
 f - a wand of iceblast (9)
Scrolls
 b - 5 scrolls of teleportation
 d - 2 scrolls of amnesia
 j - a scroll of identify
 l - a scroll of fog {unknown}
Potions
 g - a potion of degeneration
 h - a potion of lignification
 k - a potion of might
 m - a potion of cancellation
 n - 3 potions of curing
 q - a potion of magic {unknown}
 r - a potion of haste {unknown}


   Skills:
 + Level 3.9 Fighting
 + Level 3.6 Dodging
 * Level 6.0 Unarmed Combat
 + Level 3.8 Spellcasting
 * Level 5.5 Transmutations
 * Level 4.3 Ice Magic
 - Level 2.0 Poison Magic


You had 6 spell levels left.
You knew the following spells:

 Your Spells              Type           Power      Damage    Failure   Level
a - Beastly Appendage     Tmut           38%        N/A       1%          1
b - Spider Form           Tmut/Pois      14%        N/A       12%         3
c - Ice Form              Ice/Tmut       17%        N/A       24%         4

Your spell library contained the following spells:

 Spells                   Type           Power      Damage    Failure   Level
 Wereblood                Tmut           19%        N/A       2%          2
 Passwall                 Tmut/Erth      9%         N/A       9%          2
 Ensorcelled Hibernation  Hex/Ice        18%        N/A       12%         2
 Swiftness                Air            2%         N/A       50%         3


Dungeon Overview and Level Annotations

Branches:
Dungeon (5/15)
 Temple: D:4-7

Altars:
Hepliaklqana
Makhleb
Qazlal
Ru
Sif Muna
Vehumet
Zin

Annotations:
D:2 Pargi


Innate Abilities, Weirdness & Mutations

You are a creature of crystalline ice.
You have a powerful freezing melee attack.
You are amphibious.
Your maximum health is increased.
Your armour is entirely melded.
You are incapable of wielding weapons or throwing items.
((You can breathe wild blasts of lightning.))
((Your glossy black scales are hard. (AC +6)))
You cannot fit into any form of body armour.
((You are resistant to electric shocks. (rElec)))
((You are cold-blooded and may be slowed by cold attacks.))
You sometimes lose the ability to drink potions when taking damage.


Message History

You kill the yak!
Your Ice Magic skill increases to level 4!
You are too injured to fight recklessly!
You are too injured to fight recklessly!
You hit the yak but do no damage. The yak gores you.
You are too injured to fight recklessly!
You are too injured to fight recklessly!
You barely miss the yak. The yak barely misses you.
You hit the yak. You freeze the yak.
The yak is moderately wounded.
The yak gores you!
You punch the yak! You freeze the yak.
The yak is heavily wounded.
The yak closely misses you.
You punch the yak! You freeze the yak.
The yak is severely wounded.
The yak gores you!
You hit the yak but do no damage.
The yak is severely wounded.
You hit the yak. You freeze the yak.
The yak is almost dead.
The yak barely misses you.
You hit the yak but do no damage.
The yak is almost dead.
The yak barely misses you.
You hit the yak. You freeze the yak.
The yak is almost dead.
The yak gores you!
* * * LOW HITPOINT WARNING * * *
You completely miss the yak.
The yak is almost dead.
The yak gores you!
* * * LOW HITPOINT WARNING * * *
You punch the yak! You freeze the yak.
You kill the yak!
Your Unarmed Combat skill increases to level 6!
You hit the yak. You freeze the yak.
The yak is lightly wounded.
The yak gores you!
You die...

#.....
####.####
###### #.#
###.##
#....#
#.#.##
#.### #.#
...#.###.#
#.....YY.#
##.#.#####


You could see a yak.

Vanquished Creatures
  4 yaks (D:5)
  A black bear (D:5)
  An orc warrior (D:5)
  2 ogres (D:4)
  A water moccasin zombie (D:5)
  4 scorpions
  A jelly (D:5)
  A bullfrog skeleton (D:5)
  A centaur skeleton (D:4)
  2 orc priests
  An iguana (D:4)
  Terence (D:3)
  A hound skeleton (D:5)
  Robin (D:2)
  6 adders
  A white imp (D:5)
  3 worms
  A dart slug (D:2)
  11 orcs
  5 endoplasms
  A giant cockroach (D:3)
  14 hobgoblins
  7 jackals
  5 kobolds
  A quokka (D:1)
  6 ball pythons
  7 bats
  2 frilled lizards
  14 goblins
  5 rats
111 creatures vanquished.

Notes
Turn   | Place    | Note
-------+----------+-------------------------------------------
     0 | D:1      | kae the Draconian Transmuter began the quest for the Orb.
     0 | D:1      | Reached XP level 1. HP: 16/16 MP: 3/3
   209 | D:1      | Found a faded altar of an unknown god.
   402 | D:1      | Reached XP level 2. HP: 23/23 MP: 3/5
  1133 | D:2      | Reached XP level 3. HP: 18/28 MP: 4/6
  1137 | D:2      | Learned a level 3 spell: Spider Form
  1264 | D:2      | Found a stormy altar of Qazlal.
  1549 | D:2      | Reached XP level 4. HP: 29/36 MP: 5/7
  1594 | D:2      | Noticed Robin
  1789 | D:2      | Killed Robin
  2033 | D:3      | Noticed Terence
  2034 | D:3      | Found a hazy altar of Hepliaklqana.
  2105 | D:3      | Found a glowing silver altar of Zin.
  2111 | D:3      | Killed Terence
  2112 | D:3      | Reached skill level 1 in Poison Magic
  2144 | D:3      | Found a sacrificial altar of Ru.
  2144 | D:3      | Found a radiant altar of Vehumet.
  2145 | D:3      | Found a shimmering blue altar of Sif Muna.
  2149 | D:3      | Found a burning altar of Makhleb.
  2152 | D:3      | Became a worshipper of Ru the Awakened
  2177 | D:3      | Noticed Pargi
  2378 | D:3      | Reached XP level 5. HP: 39/41 MP: 6/8
  2464 | D:3      | Learned a level 4 spell: Ice Form
  2656 | D:3      | Reached skill level 4 in Unarmed Combat
  3296 | D:4      | Reached skill level 1 in Ice Magic
  3296 | D:4      | Reached XP level 6. HP: 48/49 MP: 7/10
  3739 | D:4      | Gained mutation: You sometimes lose the ability to drink
                  | potions when taking damage. [Ru sacrifice]
  3739 | D:4      | Reached * piety under Ru
  3881 | D:5      | Entered Level 5 of the Dungeon
  3882 | D:5      | Identified a scroll of acquirement
  3882 | D:5      | Acquired 1088 gold pieces
  3917 | D:5      | Your scales start taking on a glossy black colour.
  3917 | D:5      | Reached XP level 7. HP: 51/56 MP: 6/11
  3917 | D:5      | Gained mutation: You are resistant to electric shocks.
                  | (rElec) [Black Draconian growth]
  4265 | D:5      | Reached skill level 5 in Unarmed Combat
  4998 | D:5      | Reached XP level 8. HP: 44/63 MP: 8/13
  5149 | D:5      | Reached skill level 5 in Transmutations
  5166 | D:5      | Reached skill level 6 in Unarmed Combat
  5166 | D:5      | Slain by a yak

Illustrated notes

Levels and vault maps discovered:
D:1:      heliophobic_arrival_glass_houses, layout_loops_ring,
          shapermc_ecumenical_altar_starsandcircs
D:2:      layout_rooms, basic_altar, uniq_robin
D:3:      layout_rooms, minitemple, uniq_terence, uniq_pargi
D:4:      layout_basic
D:5:      layout_loops_cross

Skill      XL: |  1  2  3  4  5  6  7  8 |
---------------+-------------------------+-----
Dodging        | 2 3 |  3.6
Transmutations | 3 4 5 |  5.5
Fighting       | 2 3 |  3.9
Poison Magic   | 1 2 |  2.0
Unarmed Combat | 4 5 6 |  6.0
Ice Magic      | 1 2 3 4 |  4.3
Spellcasting   | 3 |  3.8

Action                   |  1- 3 |  4- 6 |  7- 9 || total
-------------------------+-------+-------+-------++-------
Melee: Unarmed           |   105 |   160 |    94 ||   359
       Kick              |    13 |    21 |    11 ||    45
       Headbutt          |     9 |     9 |     5 ||    23
       Tailslap          |     7 |    12 |     7 ||    26
       Punch             |     2 |     2 |     2 ||     6
 Cast: Beastly Appendage |    20 |    19 |     4 ||    43
       Spider Form       |       |     8 |     3 ||    11
       Ice Form          |       |       |     1 ||     1
Invok: Sacrifice Drink   |       |     1 |       ||     1
 Abil: Breathe Lightning |       |       |     1 ||     1
  Use: Potion            |       |     3 |       ||     3
       Scroll            |       |     8 |       ||     8
 Stab: Sleeping          |       |     1 |       ||     1
Armor: Skin              |    32 |    66 |    24 ||   122
Dodge: Dodged            |    76 |   121 |    52 ||   249

Table legend: (Time is in decaauts)
 A = Elapsed time spent in this place.
 B = Non-inter-level travel time spent in this place.
 C = Inter-level travel time spent in this place.
 D = Time resting spent in this place.
 E = Time spent auto-exploring this place.
 F = Levels seen in this place.
 G = Mean time per level.
                   A        B        C        D        E       F      G
               +--------+--------+--------+--------+--------+-----+--------+
         Total |   5141 |   4968 |    173 |    236 |   3857 |   5 | 1028.2 |
       Dungeon |   5141 |   4968 |    173 |    236 |   3857 |   5 | 1028.2 |
               +--------+--------+--------+--------+--------+-----+--------+

Top non-repeatable levels by time:
     D:1: 1240 daAuts
     D:5: 1131 daAuts
     D:3: 962 daAuts
     D:4: 935 daAuts
     D:2: 872 daAuts
